 Dungeon Crawl Stone Soup version 0.32-a0-656-g3542139ebd (webtiles) character file.

Game seed: 9132474139533539358

0 BubbleThief the Shield-Bearer (level 1, -2/18 HPs)
             Began as a Formicid Fighter on Mar 8, 2024.
             Slain by a quokka (3 damage)
             ... on level 1 of the Dungeon.
             The game lasted 00:00:11 (34 turns).

BubbleThief the Shield-Bearer (Formicid Fighter)      Turns: 34, Time: 00:00:12

Health: -2/18      AC:  6    Str: 20    XL:     1   Next: 11%
Magic:  1/1        EV:  0    Int:  7    God:
Gold:   0          SH:  5    Dex: 13    Spells: 0/0 levels left

rFire   . . .        a - +0 war axe
rCold   . . .        c - +0 buckler
rNeg    . . .        b - +0 scale mail
rPois   .            (helmet unavailable)
rElec   .            (no cloak)
rCorr   .            (no gloves)
SInv    +            (no boots)
Will    .....        (no amulet) Stlth
                     (no ring)
HPRegen 0.23/turn    (no ring)
MPRegen 0.07/turn

%: no passive effects
@: constricted
A: permanent stasis, dig shafts and tunnels, antennae 3, four strong arms
a: Dig, Shaft Self


You were on level 1 of the Dungeon.
You visited 1 branch of the dungeon, and saw 1 of its levels.

Inventory:

Hand Weapons
 a - a +0 war axe (weapon)
Armour
 b - a +0 scale mail (worn)
 c - a +0 buckler (worn)
Scrolls
 e - a scroll of identify {unknown}
Potions
 d - a potion of might


   Skills:
 + Level 3.3 Fighting
 + Level 2.0 Axes
 - Level 3.2 Armour
 - Level 4.0 Shields


You couldn't memorise any spells.
You didn't know any spells.
Your spell library was empty.

Dungeon Overview and Level Annotations

Branches:
Dungeon (1/15)

Altars:


Innate Abilities, Weirdness & Mutations

You cannot be hasted, slowed, berserked, paralysed or teleported.
You can dig through walls and to a lower floor.
You have a pair of large antennae on your head. (SInv)
Your four strong arms can wield two-handed weapons with a shield.


Message History

e - a scroll labelled DULUCS JEFRO You sense a monster nearby.
You sense a monster nearby.
A frilled lizard comes into view.
The frilled lizard hisses angrily.
A ball python comes into view.
There are monsters nearby!
A quokka comes into view.
A frilled lizard comes into view.
The frilled lizard hisses angrily.
You slash the frilled lizard!
You kill the frilled lizard!
You barely miss the ball python. You block the ball python's attack. x2
The quokka bites you.
You completely miss the ball python. You barely miss the quokka.
You block the ball python's attack. x2; The quokka bites you.
The ball python bites you but does no damage.
The ball python closely misses you. The quokka bites you.
You are too injured to fight recklessly!
You are too injured to fight recklessly!
You are too injured to fight recklessly!
Unknown command.
You hit the ball python.
The ball python is severely wounded.
You barely miss the quokka. You closely miss the frilled lizard.
The ball python closely misses you. The ball python grabs you.
The ball python constricts you. The frilled lizard bites you.
The quokka bites you but does no damage.
You block the ball python's attack. The ball python constricts you.
You barely miss the ball python.
The ball python is severely wounded.
You closely miss the quokka. You closely miss the frilled lizard.
The quokka bites you.
* * * LOW HITPOINT WARNING * * *
The frilled lizard bites you but does no damage.
The ball python bites you.
* * * LOW HITPOINT WARNING * * *
The ball python constricts you.
* * * LOW HITPOINT WARNING * * *
The quokka bites you.
You die...

#..... #.##.. #.##.#
#{ #.##.# #. #.##.# ..
#.##.## #.###.....#
#.....##..## #
#...@..##..## ##
#..lSr.##...### ###§
#...#...##....####§.§
#.........##.....§§§§.
#....#.....###...§§§§.
#...........######ß###
#............ ###
#.... .......


You could see a quokka, a ball python and a frilled lizard.

Vanquished Creatures
  A frilled lizard (D:1)
1 creature vanquished.

Notes
Turn   | Place    | Note
-------+----------+-------------------------------------------
     0 | D:1      | BubbleThief the Formicid Fighter began the quest for the
                  | Orb.
     0 | D:1      | Reached XP level 1. HP: 18/18 MP: 1/1
    34 | D:1      | Slain by a quokka

Illustrated notes

Levels and vault maps discovered:
D:1:      heliophobic_arrival_dark_side_of_the_moon, layout_basic

Action                     || total
---------------------------++-------
  Melee: War axe           ||     5
 Armour: Scale mail        ||    13
  Dodge: Dodged            ||     2
  Block: Buckler           ||     5

Table legend: (Time is in decaauts)
 A = Elapsed time spent in this place.
 B = Non-inter-level travel time spent in this place.
 C = Inter-level travel time spent in this place.
 D = Time resting spent in this place.
 E = Time spent auto-exploring this place.
 F = Levels seen in this place.
 G = Mean time per level.
                   A        B        C        D        E       F      G
               +--------+--------+--------+--------+--------+-----+--------+
         Total |     35 |     35 |      0 |      0 |     24 |   1 |   35.0 |
       Dungeon |     35 |     35 |      0 |      0 |     24 |   1 |   35.0 |
               +--------+--------+--------+--------+--------+-----+--------+

Top non-repeatable levels by time:
     D:1: 35 daAuts
